 Dungeon Crawl Stone Soup version 0.31.0-9-g3a7656b989 (webtiles) character file.

Game seed: 17141434582727472875

164 PaiMei the Grave Robber (level 5, -8/38 HPs)
             Began as a Demonspawn Necromancer on Jan 24, 2024.
             Killed by divine providence
             ... invoked by an orc priest
              (10 damage)
             ... on level 3 of the Dungeon.
             The game lasted 00:03:41 (3297 turns).

PaiMei the Grave Robber (Demonspawn Necromancer)    Turns: 3297, Time: 00:03:42

Health: -8/38      AC:  2    Str:  8    XL:     5   Next: 21%
Magic:  1/9        EV: 12    Int: 18    God:
Gold:   67         SH:  0    Dex: 13    Spells: 9/10 levels left

rFire   . . .        p - +0 mace (protect)
rCold   . . .        (no shield)
rNeg    . . .        a - +0 robe
rPois   .            (helmet restricted)
rElec   .            (no cloak)
rCorr   .            (no gloves)
SInv    .            (no boots)
Will    .....        (no amulet)
Stlth   ++           (no ring)
HPRegen 0.26/turn    (no ring)
MPRegen 0.11/turn

%: no passive effects
@: no status effects
A: claws 1, hooves 1, horns 1
a: no special abilities


You were on level 3 of the Dungeon.
You visited 1 branch of the dungeon, and saw 3 of its levels.

You collected 67 gold pieces.

Inventory:

Hand Weapons
 c - a +0 dagger
 p - a +0 mace of protection (weapon)
Armour
 a - a +0 robe (worn)
Jewellery
 j - an amulet of guardian spirit
Wands
 n - a wand of charming (7)
Scrolls
 d - 2 scrolls of enchant weapon {unknown}
 f - a scroll of vulnerability {unknown}
 k - 2 scrolls of teleportation {unknown}
 o - a scroll of fog {unknown}
Potions
 b - a potion of magic
 e - a potion of degeneration {unknown}
 g - a potion of enlightenment {unknown}
 h - a potion of curing {unknown}
 i - a potion of attraction {unknown}
 l - a potion of heal wounds {unknown}
 m - a potion of invisibility {unknown}


   Skills:
 + Level 2.1 Fighting
 + Level 2.9 Dodging
 - Level 2.0 Stealth
 + Level 3.0 Spellcasting
 + Level 5.2 Necromancy


You had 9 spell levels left.
You knew the following spells:

 Your Spells              Type           Power      Damage    Failure   Level
a - Necrotise             Necr           84%        1d8       1%          1

Your spell library contained the following spells:

 Spells                   Type           Power      Damage    Failure   Level
 Vampiric Draining        Necr           21%        2d7       6%          3
 Animate Dead             Necr           21%        N/A       19%         4
 Lesser Beckoning         Tloc           4%         N/A       24%         2
 Gell's Gravitas          Tloc           2%         N/A       43%         3
 Teleport Other           Tloc           2%         N/A       43%         3
 Curse of Agony           Necr           21%        N/A       47%         5


Dungeon Overview and Level Annotations

Branches:
Dungeon (3/15)

Altars:


Innate Abilities, Weirdness & Mutations

You have sharp fingernails.
You have large cloven feet.
You have a pair of small horns on your head.


Message History

The orc wizard misses you.
Casting: Necrotise (safe; 1% risk of failure)
Confirm with . or Enter, or press ? or * to list all spells.
Aiming: Necrotise (safe; 1% risk of failure)
Press: ? - help, Shift-Dir - straight line, f/p - orc wizard
Aim: an orc wizard, wielding a +1 dagger of speed and wearing a +0 robe (severely wounded, chance to affect: 80%)
The orc wizard barely resists.
The orc wizard gestures at you while chanting.
You resist with some effort.
Casting: Necrotise (safe; 1% risk of failure)
Confirm with . or Enter, or press ? or * to list all spells.
Aiming: Necrotise (safe; 1% risk of failure)
Press: ? - help, Shift-Dir - straight line, f/p - orc wizard
Aim: an orc wizard, wielding a +1 dagger of speed and wearing a +0 robe (severely wounded, chance to affect: 80%)
The orc wizard barely resists.
The orc wizard closely misses you.
Casting: Necrotise (safe; 1% risk of failure)
Confirm with . or Enter, or press ? or * to list all spells.
Aiming: Necrotise (safe; 1% risk of failure)
Press: ? - help, Shift-Dir - straight line, f/p - orc wizard
Aim: an orc wizard, wielding a +1 dagger of speed and wearing a +0 robe (severely wounded, chance to affect: 80%)
The orc wizard writhes in agony.
The orc wizard hits you with a +1 dagger of speed.
* * * LOW HITPOINT WARNING * * *
The orc wizard hits you with a +1 dagger of speed.
* * * LOW HITPOINT WARNING * * *
Casting: Necrotise (safe; 1% risk of failure)
Confirm with . or Enter, or press ? or * to list all spells.
Aiming: Necrotise (safe; 1% risk of failure)
Press: ? - help, Shift-Dir - straight line, f/p - orc wizard
Aim: an orc wizard, wielding a +1 dagger of speed and wearing a +0 robe (severely wounded, chance to affect: 80%)
The orc wizard writhes in agony.
You kill the orc wizard!
The dead are walking!
An orc priest comes into view. It is wielding a +0 short sword.
Your Fighting skill increases to level 2!
Your Spellcasting skill increases to level 3!
Unknown command.
The orc priest calls down the wrath of Beogh upon you.
Beogh smites you!
You die...

######## #.......# #......#
#.......# #......# #.......#
#......####.......#
##.................#
+..................#
#............).....# ####
#...........Z).....# #...
#.##)..o...@.......# #.##
...#.##......###############.#.
............................>#.
.....##......###############.#.
.... #......# ##..#. ...
#......# #######..##. ..
+......'. ..........+. .
#......## #######.###. ########
#..###.


You could see an orc priest (ally target) and a friendly orc wizard skeleton.

Vanquished Creatures
  An orc priest (D:3)
  An orc wizard (D:3)
  3 adders
  4 dart slugs
  5 orcs
  2 ball pythons (D:1)
  4 bats (D:1)
  9 endoplasms
  3 giant cockroaches
  4 goblins
  4 hobgoblins (D:1)
  3 jackals (D:2)
  3 quokkas
  2 frilled lizards (D:1)
  8 kobolds
  6 rats
62 creatures vanquished.

Vanquished Creatures (collateral kills)
  2 endoplasms
  A goblin (D:1)
  A frilled lizard (D:1)
4 creatures vanquished.

Grand Total: 66 creatures vanquished

Notes
Turn   | Place    | Note
-------+----------+-------------------------------------------
     0 | D:1      | PaiMei the Demonspawn Necromancer began the quest for the
                  | Orb.
     0 | D:1      | Reached XP level 1. HP: 13/13 MP: 3/3
   190 | D:1      | Discovered your monstrous ancestry.
   190 | D:1      | Gained mutation: You have a pair of small horns on your
                  | head. [demonic ancestry]
   190 | D:1      | Reached XP level 2. HP: 19/19 MP: 0/5
   534 | D:1      | You fall into a shaft and drop 1 floor!
   883 | D:1      | Gained mutation: You have large cloven feet. [demonic
                  | ancestry]
   883 | D:1      | Reached XP level 3. HP: 25/25 MP: 1/6
  1235 | D:1      | Reached skill level 1 in Fighting
  1751 | D:2      | Reached XP level 4. HP: 32/32 MP: 5/7
  2958 | D:2      | Found a faded altar of an unknown god.
  3008 | D:3      | Reached skill level 5 in Necromancy
  3248 | D:3      | Gained mutation: You have sharp fingernails. [demonic
                  | ancestry]
  3248 | D:3      | Reached XP level 5. HP: 22/38 MP: 4/9
  3294 | D:3      | HP: 1/38 [orc wizard/+1 dagger of speed (1)]
  3297 | D:3      | Killed from afar by an orc priest

Illustrated notes

Levels and vault maps discovered:
D:1:      dpeg_arrival_round_a, layout_basic, minmay_misc_feat_square,
          st_stairs_13, skrybe_limestone_x, minmay_octomino_j4
D:2:      layout_loops_ring, hellmonk_ecumenical_altar_defaced_shrine,
          nrook_mini_backslash
D:3:      layout_basic, chequers_mini_garden, minmay_statues_item

Skill      XL: |  1  2  3  4  5 |
---------------+----------------+-----
Dodging        | 2 |  2.9
Stealth        | 2 |  2.0
Fighting       | 1 2 |  2.1
Necromancy     | 5 |  5.2
Spellcasting   | 3 |  3.0

Action                     |  1- 3 |  4- 6 || total
---------------------------+-------+-------++-------
  Melee: Dagger            |     7 |    10 ||    17
         Headbutt          |     3 |     3 ||     6
         Mace              |       |     5 ||     5
         Kick              |       |     3 ||     3
   Cast: Necrotise         |    68 |    49 ||   117
 Armour: Robe              |     9 |    21 ||    30
  Dodge: Dodged            |    15 |    24 ||    39
